 Dungeon Crawl Stone Soup version 0.24-a0-291-g79c1ce7 (webtiles) character file.

Game seed: 14401579904798374051

401 theanonym the Cleaver (level 6, -1/50 HPs)
             Began as a Minotaur Warper on May 10, 2019.
             Slain by Menkaure (13 damage)
             ... on level 4 of the Dungeon.
             The game lasted 00:04:31 (2991 turns).

theanonym the Cleaver (Minotaur Warper)             Turns: 2991, Time: 00:04:32

Health: -1/50      AC: 10    Str: 17      XL:     6   Next: 54%
Magic:  7/7        EV:  5    Int:  8 (10) God:
Gold:   226        SH:  0    Dex: 10      Spells: 7/7 levels left

rFire    . . .     SeeInvis .   a - +1 hand axe
rCold    . . .     Gourm    .   (no shield)
rNeg     . . .     Faith    .   m - +0 plate armour
rPois    .         Spirit   .   (helmet restricted)
rElec    .         Reflect  .   (no cloak)
rCorr    .         Harm     .   (no gloves)
MR       .....                  (no boots)
Stlth    ..........             q - amulet of regeneration
HPRegen  0.56/turn              (no ring)
MPRegen  0.10/turn              (no ring)

@: hasted, very quick
A: retaliatory headbutt, horns 2
a: no special abilities


Innate Abilities, Weirdness & Mutations

You reflexively headbutt those who attack you in melee.
You have a pair of horns on your head.


   Skills:
 - Level 2.4 Fighting
 + Level 8.5 Axes
 - Level 1.0 Throwing
 - Level 1.2 Armour
 - Level 2.1 Dodging
 - Level 1.3 Spellcasting
   Level 2.1 Translocations


You had 7 spell levels left.
You didn't know any spells.
Your spell library contained the following spells:

 Spells                   Type           Power        Failure   Level  Hunger
 Blink                    Tloc           N/A          100%        2    ###....
 Shroud of Golubria       Chrm/Tloc      #.........   100%        2    ###....
 Gell's Gravitas          Tloc           #.........   100%        3    ####...
 Lesser Beckoning         Tloc           #.........   100%        3    ####...
 Teleport Other           Tloc           #.......     100%        3    ####...
 Passage of Golubria      Tloc           N/A          100%        4    #####..

Skill      XL: |  1  2  3  4  5 |
---------------+----------------+-----
Axes           | 3 4 5 6 8 |  8.5
Fighting       | |  2.4
Throwing       | |  1.0
Armour         | |  1.2
Dodging        | |  2.1
Spellcasting   | |  1.3
Translocations | |  2.1

Action                   |  1- 3 |  4- 6 || total
-------------------------+-------+-------++-------
Melee: Hand axe          |   163 |   100 ||   263
       Headbutt          |    14 |    13 ||    27
  Use: Scroll            |       |     8 ||     8
       Potion            |       |     5 ||     5
  Eat: Chunk             |     4 |     3 ||     7
Armor: Ring mail         |     7 |       ||     7
       Leather armour    |     1 |       ||     1
       Plate armour      |   102 |    61 ||   163
Dodge: Dodged            |    46 |    28 ||    74

Inventory:

Hand Weapons
 a - a +1 hand axe (weapon)
 p - a +1 morningstar of protection
Missiles
 d - a throwing net
 f - 5 tomahawks of dispersal (quivered)
Armour
 m - a +0 plate armour (worn)
Jewellery
 q - an amulet of regeneration (around neck)
Scrolls
 l - 2 scrolls of fear
 n - 4 scrolls of remove curse
 t - a scroll of teleportation {!r}
 B - 3 scrolls of blinking
Potions
 s - a potion of berserk rage {unknown}
 u - a potion of lignification {unknown}
Comestibles
 e - 9 rations


You were on level 4 of the Dungeon.
You were not hungry.

You visited 1 branch of the dungeon, and saw 4 of its levels.

You collected 226 gold pieces.

Dungeon Overview and Level Annotations

Branches:
Dungeon (4/15)
 Temple: D:4-7

Altars:
Ashenzari
Dithmenos
Okawaru

Annotations:
D:4 Menkaure

#........##.....
#........#......
#.....#.........
##....(..........
#................
.......†..#......
#.#..##..## .....
#...#.#M# ...#
#....@.# +##
##.##### #. #


You could see Menkaure.

Notes
Turn   | Place    | Note
-------+----------+-------------------------------------------
     0 | D:1      | theanonym the Minotaur Warper began the quest for the Orb.
     0 | D:1      | Reached XP level 1. HP: 18/18 MP: 1/1
    29 | D:1      | HP: 8/18 [leopard gecko (3)]
   267 | D:1      | Reached skill level 3 in Axes
   306 | D:1      | Reached XP level 2. HP: 22/25 MP: 3/3
   714 | D:1      | Reached skill level 4 in Axes
   826 | D:2      | Reached XP level 3. HP: 29/30 MP: 4/4
   885 | D:2      | HP: 13/30 [adder (3)]
   893 | D:2      | HP: 13/30 [adder (1)]
  1225 | D:2      | Found a shadowy altar of Dithmenos.
  1294 | D:2      | HP: 15/30 [worm (5)]
  1299 | D:2      | HP: 9/30 [worm (3)]
  1589 | D:2      | Reached skill level 5 in Axes
  1666 | D:2      | Found an iron altar of Okawaru.
  2064 | D:3      | Reached XP level 4. HP: 37/37 MP: 5/5
  2087 | D:3      | HP: 18/37 [poisoned by an adder]
  2092 | D:3      | HP: 15/37 [poisoned by an adder]
  2099 | D:3      | HP: 13/37 [poisoned by an adder]
  2106 | D:3      | HP: 12/37 [poisoned by an adder]
  2114 | D:3      | HP: 11/37 [poisoned by an adder]
  2458 | D:3      | HP: 17/37 [orc/+0 flail (3)]
  2468 | D:3      | Reached skill level 6 in Axes
  2468 | D:3      | Reached XP level 5. HP: 18/42 MP: 6/6
  2514 | D:3      | Found a shattered altar of Ashenzari.
  2571 | D:3      | Found a transporter.
  2571 | D:3      | Noticed Gorice's ghost (amateur GnWn)
  2647 | D:3      | Found a transporter.
  2825 | D:3      | HP: 19/42 [Gorice's ghost (5)]
  2830 | D:3      | HP: 14/42 [poisoned by Gorice's ghost]
  2833 | D:3      | Killed Gorice's ghost
  2833 | D:3      | Reached skill level 8 in Axes
  2833 | D:3      | Reached XP level 6. HP: 24/50 MP: 7/7
  2835 | D:3      | HP: 24/50 [poisoned by Gorice's ghost]
  2876 | D:4      | Noticed Menkaure
  2882 | D:4      | HP: 22/50 [??? (19)]
  2988 | D:4      | HP: 20/50 [??? (17)]
  2991 | D:4      | Slain by Menkaure

Vanquished Creatures
  The ghost of Gorice the Twirler, an amateur GnWn (D:3)
  An orc priest (D:3)
  An orc wizard (D:3)
  5 adders
  2 worms (D:2)
  A dart slug (D:1)
  6 leopard geckos
  12 orcs (D:3)
  7 bats
  5 goblins
  6 hobgoblins
  2 jackals (D:1)
  2 quokkas
  6 frilled lizards
  11 kobolds
  9 rats
77 creatures vanquished.

Table legend:
 A = Turns spent in this place as a percentage of turns spent in the entire game.
 B = Non-inter-level travel turns spent in this place as a percentage of non-inter-level travel turns spent in the entire game.
 C = Inter-level travel turns spent in this place as a percentage of turns spent in this place.
 D = Turns resting spent in this place as a percentage of non-inter-level travel turns spent in this place.
 E = Turns spent auto-exploring this place as a percentage of non-inter-level travel turns spent in this place.
 F = Non-inter-level travel turns spent in this place divided by the number of levels of this place that you've seen.
                   A       B       C       D       E      F
               +-------+-------+-------+-------+-------+----------------------
         Total | 100.0 | 100.0 |   4.9 |  30.5 |  51.0 | 710.8
       Dungeon | 100.0 | 100.0 |   4.9 |  30.5 |  51.0 | 710.8
               +-------+-------+-------+-------+-------+----------------------
